 Dungeon Crawl Stone Soup version 0.32-a0-791-gfc315c9ecd (webtiles) character file.

Game seed: 12527768505217049068

646 ezpacito the Chopper (level 7, -11/54 HPs)
             Began as a Coglin Chaos Knight on Mar 20, 2024.
             Was a Plaything of Xom.
             Mangled by Grinder the sun demon (15 damage)
             ... on level 4 of the Dungeon.
             The game lasted 00:03:58 (3424 turns).

ezpacito the Chopper (Coglin Chaos Knight)          Turns: 3424, Time: 00:03:58

Health: -11/54     AC: 10    Str: 13    XL:     7   Next: 52%
Magic:  9/9        EV: 11    Int: 15    God:    Xom [....*.]
Gold:   7          SH:  0    Dex: 10    Spells: 5/9 levels left

rFire   . . .        a - +0 hand axe (chaos) {Navbir}
rCold   + . .        h - +0 trident {Tejnoor}
rNeg    + + .        m - +2 leather armour of Weightlessness {rElec rC+ rN++ Dex-3 Slay+2}
rPois   .            j - +0 helmet
rElec   +            (no cloak)
rCorr   .            (no gloves)
SInv    +            (no boots)
Will    .....        (amulet unavailable)
Stlth   ++           (ring unavailable)
HPRegen 0.29/turn    (ring unavailable)
MPRegen 0.11/turn    (no gizmo)

%: no passive effects
@: mighty, revving
A: off-hand wielding, slow wielding, warmup strikes, no jewellery, iridescent
scales 2, see invisible, clever 1, MP-powered wands
a: Invent Gizmo, Renounce Religion


You were on level 4 of the Dungeon.
You worshipped Xom.
You were a beloved toy of Xom.
You visited 1 branch of the dungeon, and saw 4 of its levels.

You collected 172 gold pieces.
You spent 165 gold pieces at shops.

Inventory:

Hand Weapons
 a - a +0 hand axe of chaos (weapon) {Navbir}
 h - a +0 trident (offhand) {Tejnoor}
Missiles
 e - 5 javelins (quivered)
Armour
 j - a +0 helmet (worn)
 m - the +2 leather armour of Weightlessness (worn) {rElec rC+ rN++ Dex-3 Slay+2}
   (You found it on level 2 of the Dungeon)

   Dex-3:     It affects your dexterity (-3).
   Slay+2:    It affects your accuracy & damage with ranged weapons and melee
   (+2).
   rC+:       It protects you from cold.
   rElec:     It insulates you from electricity.
   rN++:      It greatly protects you from negative energy.
Wands
 b - a wand of polymorph (6)
Scrolls
 c - a scroll of butterflies
 g - 2 scrolls of vulnerability
 k - a scroll of amnesia
 n - a scroll of brand weapon {unknown}
 o - a scroll of fog
 p - a scroll of noise
 t - 3 scrolls of teleportation
 B - a scroll of blinking
Potions
 f - 3 potions of lignification
 l - a potion of heal wounds


   Skills:
 * Level 4.3 Fighting
 * Level 4.4(4.6) Axes
 + Level 1.9(3.2) Polearms
 * Level 3.3 Armour
 * Level 2.8 Dodging
 + Level 2.0 Stealth
 + Level 1.6 Spellcasting
 + Level 1.7 Alchemy


You had 5 spell levels left.
You knew the following spells:

 Your Spells              Type           Power      Damage    Failure   Level
a - Fulminant Prism       Conj/Alch      1%         3d5       90%         4

Your spell library contained the following spells:

 Spells                   Type           Power      Damage    Failure   Level
 Magic Dart               Conj           4%         1d3       30%         1
 Ensorcelled Hibernation  Hex/Ice        2%         N/A       41%         2
 Searing Ray              Conj           2%         2d4       41%         2
 Passwall                 Erth           1%         N/A       65%         3
 Swiftness                Air            1%         N/A       65%         3


Dungeon Overview and Level Annotations

Branches:
Dungeon (4/15)
 Temple: D:4-7

Altars:
Ashenzari
Kikubaaqudgha
Zin

Shops:
D:4 ?

Annotations:
D:4 Grinder


Innate Abilities, Weirdness & Mutations

You can wield a second weapon in your off-hand.
It takes a long time for you to wield or remove held weapons.
Your first few attacks do less damage.
You cannot equip rings or amulets.
You are mostly covered in iridescent scales. (AC +4)
You have supernaturally acute eyesight. (SInv)
Your mind is acute. (Int +4, Str/Dex -1)
You expend magic power (3 MP) to strengthen your wands.


Message History

You are too injured to fight recklessly!
You are too injured to fight recklessly!
You are too injured to fight recklessly!
You are too injured to fight recklessly!
You are too injured to fight recklessly!
Grinder is nearby!
Okay, then.
Aiming: Polymorph
Press: ? - help, Shift-Dir - straight line, f/p - Grinder
Aim: Grinder the sun demon (strong, will become a neqoxec, a hellwing, or a ynoxinul, chance to affect: 9%)
Okay, then.
As you read the scroll of butterflies, it crumbles to dust.
You hear the flapping of tiny wings.
Grinder is knocked back by the sudden gust.
Grinder closely misses your butterfly.
Okay, then.
As you read the scroll of identify, it crumbles to dust.
k - a scroll of amnesia You feel very mighty all of a sudden. "This might be better!"
You swap places with your butterfly.
Some monsters swap places.
Your butterfly looks rather confused. x5
You are now a beloved toy of Xom.
Grinder closely misses your butterfly.
Grinder completely misses your butterfly.
You swap places.
There is a stone staircase leading down here.
You hit Grinder with your +0 hand axe of chaos.
Grinder seems to slow down.
Grinder is lightly wounded.
You puncture Grinder with your +0 trident!
Grinder hits you!!
Ouch! That really hurt!
* * * LOW HITPOINT WARNING * * *
A shower of butterflies erupts from you!
You emit a cloud of colourful smoke!
You are engulfed in flames!
You die...
Grinder sighs, "Dead already?
I want a refund."
Xom titters!

#..............
#.....#.........#####
#.....#.........#....
#..b..#.........'....
#.....#.........#....
#.bb..#.........#....
#.bbb.#.........#....
#.bb3.#.........#....
#bbb@b#.........#####
#bbbbb#.........#
#bbbbb#.........#
#bbbbb#..)......#
#..bbb#.........#
#bbbbb#.........#
#.bb..#.........#
#...b.#.......[.#
#.....#.........#


You could see Grinder the sun demon (strong, slow, ally target).

Vanquished Creatures
  A blink frog (D:4)
  Edmund (D:4)
  A scorpion (D:4)
  A hound (D:4)
  A jelly (D:4)
  3 orc wizards (D:4)
  5 adders
  5 dart slugs
  3 ribbon worms
  7 orcs
  2 bats
  6 endoplasms
  8 goblins
  9 hobgoblins
  9 jackals
  3 quokkas
  2 ball pythons (D:2)
  3 frilled lizards
  4 kobolds
  4 rats
78 creatures vanquished.

Notes
Turn   | Place    | Note
-------+----------+-------------------------------------------
     0 | D:1      | ezpacito the Coglin Chaos Knight began the quest for the
                  | Orb.
     0 | D:1      | Reached XP level 1. HP: 18/18 MP: 1/1
   221 | D:1      | XOM: potion effect (attraction)
   225 | D:1      | Reached skill level 1 in Dodging
   229 | D:1      | Reached XP level 2. HP: 23/24 MP: 2/2
   555 | D:1      | Reached XP level 3. HP: 29/29 MP: 3/3
   597 | D:1      | XOM: cloud trail
  1289 | D:2      | XOM: polymorph endoplasm -> kobold
  1448 | D:2      | Found an ancient bone altar of Kikubaaqudgha.
  1527 | D:2      | XOM: give mutations
  1527 | D:2      | Gained mutation: You have supernaturally acute eyesight.
                  | (SInv) [Xom's grace]
  1527 | D:2      | Gained mutation: You have hidden genetic potential. [Xom's
                  | grace]
  1527 | D:2      | Gained mutation: You expend magic power (3 MP) to
                  | strengthen your wands. [Xom's grace]
  1598 | D:2      | Identified the +2 leather armour of Weightlessness {rElec
                  | rC+ rN++ Dex-3 Slay+2}
  1776 | D:2      | XOM: cloud trail
  1868 | D:2      | Reached skill level 1 in Stealth
  2022 | D:3      | Reached XP level 4. HP: 35/35 MP: 4/4
  2089 | D:3      | Found a broken altar of Ashenzari.
  2137 | D:3      | Reached skill level 1 in Polearms
  2237 | D:3      | Gained mutation: You are partially covered in iridescent
                  | scales. (AC +2) [hidden potential]
  2423 | D:3      | Learned a level 4 spell: Fulminant Prism
  2763 | D:4      | Found a glowing silver altar of Zin.
  2815 | D:4      | Found Wuom's Magic Scroll Shop.
  2818 | D:4      | Bought a scroll of identify for 20 gold pieces
  2818 | D:4      | Bought a scroll of fog for 40 gold pieces
  2818 | D:4      | Bought a scroll of identify for 20 gold pieces
  2818 | D:4      | Bought a scroll of blinking for 75 gold pieces
  2818 | D:4      | Bought a scroll of noise for 10 gold pieces
  2839 | D:4      | Noticed Edmund
  2851 | D:4      | Killed Edmund
  2851 | D:4      | an iguana changed into a blink frog
  2851 | D:4      | Noticed a blink frog
  2851 | D:4      | XOM: polymorph iguana -> blink frog
  2852 | D:4      | Reached skill level 1 in Spellcasting
  2852 | D:4      | Reached XP level 5. HP: 30/42 MP: 6/6
  2852 | D:4      | Reached XP level 6. HP: 35/48 MP: 7/7
  2861 | D:4      | Gained mutation: You are mostly covered in iridescent
                  | scales. (AC +4) [hidden potential]
  2861 | D:4      | Lost mutation: You have hidden genetic potential. [hidden
                  | potential expressed]
  2869 | D:4      | Killed a blink frog
  2870 | D:4      | Reached skill level 1 in Alchemy
  2935 | D:4      | Reached XP level 7. HP: 44/54 MP: 9/9
  3027 | D:4      | XOM: give mutation
  3027 | D:4      | Gained mutation: Your mind is acute. (Int +4, Str/Dex -1)
                  | [Xom's mischief]
  3414 | D:4      | Noticed Grinder
  3418 | D:4      | Grinder changed into Grinder the sun demon
  3418 | D:4      | Noticed Grinder
  3418 | D:4      | XOM: polymorph Grinder -> Grinder the sun demon
  3422 | D:4      | XOM: swap monsters
  3424 | D:4      | XOM: butterfly on damage
  3424 | D:4      | XOM: smoke on damage
  3424 | D:4      | Mangled by Grinder the sun demon

Illustrated notes

Levels and vault maps discovered:
D:1:      dpeg_arrival_circle_labyrinth_c, layout_basic
D:2:      layout_loops_corners, basic_altar
D:3:      layout_loops_ring, ashenzari_conservatory_becter,
          chequers_serial_rivers_large_b, corexii_shack
D:4:      layout_gridville, lemuel_round_altar, serial_shops,
          nicolae_shop_behind_doors, uniq_grinder, uniq_edmund

Skill      XL: |  1  2  3  4  5  6  7 |
---------------+----------------------+-----
Dodging        | 1 2 |  2.8
Armour         | 2 3 |  3.3
Stealth        | 1 2 |  2.0
Polearms       | 1 |  1.9
Spellcasting   | 1 |  1.6
Fighting       | 4 |  4.3
Axes           | 4 |  4.4
Alchemy        | 1 |  1.7

Action                     |  1- 3 |  4- 6 |  7- 9 || total
---------------------------+-------+-------+-------++-------
  Melee: Dagger            |    14 |       |       ||    14
         Hand axe          |    64 |    46 |    34 ||   144
         Spear             |    66 |    35 |       ||   101
         Trident           |       |    26 |    39 ||    65
    Use: Scroll            |     4 |     2 |     2 ||     8
         Potion            |       |     2 |     1 ||     3
   Stab: Sleeping          |     2 |     1 |       ||     3
         Paralysed         |     1 |       |       ||     1
         Petrifying        |       |       |     1 ||     1
 Armour: Leather armour    |    26 |    22 |    43 ||    91
  Dodge: Dodged            |    31 |    32 |    35 ||    98

Table legend: (Time is in decaauts)
 A = Elapsed time spent in this place.
 B = Non-inter-level travel time spent in this place.
 C = Inter-level travel time spent in this place.
 D = Time resting spent in this place.
 E = Time spent auto-exploring this place.
 F = Levels seen in this place.
 G = Mean time per level.
                   A        B        C        D        E       F      G
               +--------+--------+--------+--------+--------+-----+--------+
         Total |   3490 |   3274 |    216 |      0 |   2773 |   4 |  872.5 |
       Dungeon |   3490 |   3274 |    216 |      0 |   2773 |   4 |  872.5 |
               +--------+--------+--------+--------+--------+-----+--------+

Top non-repeatable levels by time:
     D:1: 1004 daAuts
     D:2: 985 daAuts
     D:3: 815 daAuts
     D:4: 684 daAuts
